 Dungeon Crawl Stone Soup version 0.29.1-13-g9f3cf754e1 (webtiles) character file.

Game seed: 43641994321384792

143 DemonSlayer the Digger (level 5, -1/35 HPs)
             Began as a Demonspawn Earth Elementalist on Feb 4, 2023.
             Slain by a gnoll
             ... wielding a +0 flail
              (12 damage)
             ... on level 3 of the Dungeon.
             The game lasted 00:06:48 (3693 turns).

DemonSlayer the Digger (DsEE)                       Turns: 3693, Time: 00:06:48

Health: -1/35      AC:  6    Str: 14    XL:     5   Next: 4%
Magic:  6/9        EV: 12    Int: 16    God:
Gold:   169        SH:  0    Dex: 13    Spells: 2/10 levels left

rFire   . . .      SeeInvis .   n - +8 trident of the Octopus King {venom, rElec rPois}
rCold   . . .      Faith    .   (no shield)
rNeg    . . .      Spirit   .   g - +0 leather armour
rPois   +          Reflect  .   j - +2 helmet "Livvuton" {rElec rPois Str+3}
rElec   +          Harm     .   (no cloak)
rCorr   .          Rampage  .   (no gloves)
Will    .....                   (no boots)
Stlth   ++........              (no amulet)
HPRegen 0.11/turn               (no ring)
MPRegen 0.22/turn               (no ring)

@: no status effects
A: claws 2, magic regeneration
a: no special abilities


You were on level 3 of the Dungeon.
You visited 1 branch of the dungeon, and saw 3 of its levels.

You collected 169 gold pieces.

Inventory:

Hand Weapons
 i - a +0 great sword
 n - the +8 trident of the Octopus King (weapon) {venom, rElec rPois}
   (You found it on level 3 of the Dungeon)

   It poisons the flesh of those it strikes.
   rElec:     It insulates you from electricity.
   rPois:     It protects you from poison.
Missiles
 e - 6 poisoned darts
Armour
 g - a +0 leather armour (worn)
 j - the +2 helmet "Livvuton" (worn) {rElec rPois Str+3}
   (You found it on level 2 of the Dungeon)

   Str:       It affects your strength (+3).
   rElec:     It insulates you from electricity.
   rPois:     It protects you from poison.
Scrolls
 c - a scroll of poison {unknown}
 d - a scroll of teleportation {unknown}
 f - a scroll of magic mapping {unknown}
 k - a scroll of immolation {unknown}
 l - a scroll of enchant weapon {unknown}
Potions
 a - a potion of cancellation
 b - a potion of magic
 h - a potion of degeneration {unknown}


   Skills:
 + Level 0.2 Fighting
 + Level 0.1(0.4) Short Blades
 + Level 0.7(0.8) Long Blades
 + Level 0.9 Armour
 + Level 2.0 Dodging
 + Level 2.1 Stealth
 + Level 3.0 Spellcasting
 + Level 0.8 Transmutations
 + Level 3.9 Earth Magic


You had 2 spell levels left.
You knew the following spells:

 Your Spells              Type           Power      Damage    Failure   Level
a - Sandblast             Erth           30%        2d9       4%          1
b - Stone Arrow           Conj/Erth      16%        3d8       30%         3
c - Petrify               Tmut/Erth      10%        N/A       63%         4

Your spell library contained the following spells:

 Spells                   Type           Power      Damage    Failure   Level
 Passwall                 Tmut/Erth      8%         N/A       13%         2
 Dazzling Flash           Conj/Hex       4%         N/A       56%         3
 Iskenderun's Mystic Bla  Conj/Tloc      2%         2d3       92%         4
 Starburst                Conj/Fire      1%         6d3       100%        6


Dungeon Overview and Level Annotations

Branches:
Dungeon (3/15)

Altars:
Dithmenos

Shops:
D:1 !

Annotations:
D:3 1 runed translucent door, Crazy Yiuf


Innate Abilities, Weirdness & Mutations

You have very sharp fingernails.
You regenerate magic rapidly.


Message History

You are too injured to fight recklessly!
The gnoll attacks as you move away! The gnoll closely misses you.
You are too injured to fight recklessly!
You are too injured to fight recklessly!
You are too injured to fight recklessly!
You are too injured to fight recklessly!
Casting: Sandblast (safe; 4% risk of failure)
Confirm with . or Enter, or press ? or * to list all spells.
Aiming: Sandblast (safe; 4% risk of failure)
Press: ? - help, Shift-Dir - straight line, f/p - gnoll
Aim: a gnoll, wielding a +0 flail (severely wounded, 84% to hit)
The blast of sand hits the gnoll!
You kill the gnoll!
The gnoll closely misses you.
Unknown command.
Casting: Sandblast (safe; 4% risk of failure)
Confirm with . or Enter, or press ? or * to list all spells.
Aiming: Sandblast (safe; 4% risk of failure)
Press: ? - help, Shift-Dir - straight line, f - gnoll
Aim: a gnoll, wielding a +0 flail (84% to hit)
The blast of sand hits the gnoll!
The gnoll is almost dead.
The gnoll misses you.
Casting: Sandblast (safe; 4% risk of failure)
Confirm with . or Enter, or press ? or * to list all spells.
Aiming: Sandblast (safe; 4% risk of failure)
Press: ? - help, Shift-Dir - straight line, f/p - gnoll
Aim: a gnoll, wielding a +0 flail (almost dead, 84% to hit)
The blast of sand hits the gnoll.
You kill the gnoll!
The gnoll closely misses you.
Your Stealth skill increases to level 2!
You have reached level 5!
Your demonic ancestry asserts itself...
Your fingernails sharpen.
You barely miss the gnoll. The gnoll hits you with a +0 flail!
You hit the gnoll.
The gnoll is poisoned.
The gnoll is moderately wounded.
The gnoll hits you with a +0 flail!
You die...

#####.#.#.#### #.######
#.#.#.##### #.# #.........# #.#
######.#.###.# #.#
~.............# #.#
≈####.###.##### #.# #. #.# #†#
####.###.# #.###### #..).(g@.#
#....... #. ####.##### #######.
#.# #. #. #.# #. ### #. #.### ..
..# #. #... .. #.# #. #..# #..
#.# #.
...######.##..######.###########.
.....<....# #........>.........


You could see a gnoll (very poisoned).

Vanquished Creatures
  5 gnolls
  2 adders
  3 worms
  8 orcs (D:3)
  2 ball pythons
  4 bats
  8 endoplasms
  A giant cockroach (D:2)
  3 goblins
  2 hobgoblins
  4 jackals (D:1)
  4 kobolds
  A quokka (D:2)
  6 frilled lizards
  7 rats
60 creatures vanquished.

Notes
Turn   | Place    | Note
-------+----------+-------------------------------------------
     0 | D:1      | DemonSlayer the Demonspawn Earth Elementalist began the
                  | quest for the Orb.
     0 | D:1      | Reached XP level 1. HP: 13/13 MP: 3/3
   250 | D:1      | Found Kyrauluy's Distillery.
   334 | D:1      | Gained mutation: You regenerate magic rapidly. [demonic
                  | ancestry]
   334 | D:1      | Reached XP level 2. HP: 19/19 MP: 3/5
   811 | D:1      | Discovered your monstrous ancestry.
   811 | D:1      | Gained mutation: You have sharp fingernails. [demonic
                  | ancestry]
   811 | D:1      | Reached XP level 3. HP: 8/24 MP: 4/6
  1232 | D:2      | Found a faded altar of an unknown god.
  1440 | D:2      | Identified the +2 helmet "Livvuton" {rElec rPois Str+3}
  2003 | D:2      | Reached XP level 4. HP: 28/30 MP: 8/8
  2542 | D:2      | Learned a level 3 spell: Stone Arrow
  2547 | D:2      | Learned a level 4 spell: Petrify
  2595 | D:3      | Found the +8 trident of the Octopus King {venom, rElec
                  | rPois}
  2668 | D:3      | Found a shadowy altar of Dithmenos.
  2692 | D:3      | HP: 1/30 [orc/+0 short sword (5)]
  3626 | D:3      | Found a runed translucent door.
  3627 | D:3      | Noticed Crazy Yiuf
  3692 | D:3      | Gained mutation: You have very sharp fingernails. [demonic
                  | ancestry]
  3692 | D:3      | Reached XP level 5. HP: 18/35 MP: 6/9
  3693 | D:3      | Slain by a gnoll

Illustrated notes

Levels and vault maps discovered:
D:1:      ebering_hopf_link, layout_rooms, serial_shops, nicolae_shop_trees,
          chequers_serial_rivers_micro_c, chequers_garden
D:2:      layout_loops_cross, ebering_ecumenical_altar_sacrificial, st_stairs_8,
          minmay_small_reverse_x
D:3:      layout_loops_ring, nicolae_dithmenos_the_darkroom, serial_rivers,
          chequers_serial_rivers_large_b, chequers_serial_rivers_small_a,
          chequers_serial_rivers_large_a, chequers_serial_rivers_micro_b,
          chequers_serial_rivers_room_b, serial_shops, nicolae_square_shop,
          minmay_misc_feat_chi, uniq_crazy_yiuf_cottage

Skill      XL: |  1  2  3  4 |
---------------+-------------+-----
Earth Magic    | 3 |  3.9
Dodging        | 2 |  2.0
Spellcasting   | 3 |  3.0
Stealth        | 2 |  2.1
Fighting       | |  0.2
Short Blades   | |  0.1
Long Blades    | |  0.7
Armour         | |  0.9
Transmutations | |  0.8

Action                   |  1- 3 |  4- 6 || total
-------------------------+-------+-------++-------
Melee: Short sword       |    14 |       ||    14
       Great sword       |    19 |    34 ||    53
       Trident           |       |    21 ||    21
 Cast: Sandblast         |    45 |    29 ||    74
  Use: Potion            |       |     3 ||     3
 Stab: Sleeping          |     1 |     3 ||     4
Armor: Leather armour    |    19 |    24 ||    43
Dodge: Dodged            |    37 |    61 ||    98
